 Dungeon Crawl Stone Soup version 0.14-a0-2746-g43b4f9c (webtiles) character file.

4616 MackTheKnife the Basher (level 10, -7/70 HPs)
             Began as a Human Fighter on Feb 22, 2014.
             Was a Follower of the Shining One.
             Killed by an exploding giant spore (28 damage)
             ... on Level 9 of the Dungeon.
             The game lasted 00:23:03 (12020 turns).

MackTheKnife the Basher (Human Fighter)            Turns: 12020, Time: 00:23:03

HP  -7/70        AC 13     Str 23      XL: 10   Next: 55%
MP  10/10        EV  9     Int  4 (10) God: the Shining One [*.....]
Gold 380         SH  0     Dex 12      Spells:  0 memorised,  9 levels left

rFire  . . .     SeeInvis +     D - +0,+1 morningstar
rCold  . . .     Clarity  .     m - +1 ring mail
rNeg   . . .     Conserve .     k - +0 shield
rPois  .         rCorr    .     w - +0 helmet {SInv}
rElec  .         rRot     .     A - +2 elf cloak
SustAb . .       Spirit   .     i - +2 pair of gloves "Pnonasm" {Str+3 Int+1}
rMut   .         Warding  .     (no boots)
Saprov . . .     Stasis   .     o - amulet of rage
MR     +....                    y - ring of sustenance
                                l - ring of teleport control

@: confused, glowing, somewhat resistant to hostile enchantments, extremely
unstealthy
A: carnivore 1, deformed body, magic resistance 1, slow healing 1
a: Renounce Religion, Evoke Berserk Rage, Evoke Teleport Control


You were on level 9 of the Dungeon.
You worshipped the Shining One.
The Shining One was aware of your devotion.
You were not hungry.

You visited 2 branches of the dungeon, and saw 10 of its levels.
You also visited: Sewer.

You collected 415 gold pieces.
You spent 35 gold pieces at shops.


Innate Abilities, Weirdness & Mutations

Your digestive system is specialised to digest meat.
Armour fits poorly on your strangely shaped body.
You are resistant to hostile enchantments.
You heal slowly when monsters are visible.


   Skills:
 - Level 3.0 Fighting
 - Level 9.0 Maces & Flails
 + Level 8.9 Armour
 + Level 9.0 Shields


You had 9 spell levels left.
You didn't know any spells.

Inventory:

Hand weapons
 t - a +1,+0 flail
 x - a +3,+1 dwarven mace of holy wrath
 D - a +0,+1 morningstar (weapon)
Armour
 i - the +2 pair of gloves "Pnonasm" (worn) {Str+3 Int+1}
   (You found it on level 9 of the Dungeon)

   It affects your strength (+3).
   It affects your intelligence (+1).
 k - a +0 shield (worn)
 m - a +1 ring mail (worn)
 w - a +0 helmet of see invisible (worn)
 A - a +2 elven cloak (worn)
Magical devices
 c - a wand of invisibility (5)
 n - a wand of frost (0)
 z - a wand of flame (15)
Comestibles
 d - a bread ration
 g - a pear
 q - an apple
 r - a meat ration
Scrolls
 e - a scroll of enchant armour
 h - 3 scrolls of fog
 j - 5 scrolls of remove curse
 s - a scroll of magic mapping
 B - a scroll of amnesia
Jewellery
 l - a ring of teleport control (left hand)
 o - an amulet of rage (around neck)
 y - a ring of sustenance (right hand)
Potions
 b - a potion of curing
Books
 f - a book of the Sky

   Spells                             Type                      Level
   Flight                             Charms/Air                   3
   Airstrike                          Air                          4
   Silence                            Hexes/Air                    5
   Deflect Missiles                   Charms/Air                   6
   Conjure Ball Lightning             Conjuration/Air              6
   Tornado                            Air                          9
 p - a book of Cantrips

   Spells                             Type                      Level
   Confusing Touch                    Hexes                        1
   Animate Skeleton                   Necromancy                   1
   Summon Small Mammal                Summoning                    1
   Apportation                        Translocation                1

▒·····▒ ▒·········
▒·····▒▒▒▒▒▒▒···▒▒▒
▒▒▒▒··▒····▒ ▒···▒
▒·f···▒····▒ ▒···▒
▒·····▒····▒ ▒···▒
▒·····▒·▒▒▒▒▒▒▒▒···▒▒▒
▒▒▒▒··▒···············
▒·f▒▒▒▒···▒▒▒···▒▒▒
▒(@▒ ▒>··▒·····▒ ▒··▒
▒▒▒▒▒·····▒▒▒ ▒··▒
▒·····▒··
▒··▒▒▒▒▒▒▒▒▒▒···▒·▒
▒·················▒
▒▒·▒▒▒▒▒▒▒▒▒▒▒·▒▒▒▒
▒·▒▒▒▒▒▒▒···▒···▒
▒···(···········▒▒
▒▒▒▒▒▒············


You could see 2 active ballistomycetes.


Message History

The active ballistomycete is lightly damaged.
You hit the active ballistomycete but do no damage.
The active ballistomycete is lightly damaged.
You sock the active ballistomycete!
The active ballistomycete is heavily damaged.
You thump the active ballistomycete!
The active ballistomycete is almost destroyed.
You puncture the active ballistomycete!
You destroy the active ballistomycete!
No target in view!
An active ballistomycete comes into view.
You sock the active ballistomycete!
The active ballistomycete is heavily damaged.
You puncture the active ballistomycete!
The active ballistomycete is almost destroyed.
You hit the active ballistomycete but do no damage.
The active ballistomycete is almost destroyed.
You hit the active ballistomycete but do no damage.
The active ballistomycete is almost destroyed.
You hit the active ballistomycete.
You destroy the active ballistomycete!
An active ballistomycete comes into view.
A giant spore comes into view.
An active ballistomycete comes into view.
The giant spore waves its rhizomes.
The giant spore explodes!
The explosion of spores engulfs the active ballistomycete.
The explosion of spores engulfs you!
You are confused.
You die...

Action                   |  1- 3 |  4- 6 |  7- 9 | 10-12 || total
-------------------------+-------+-------+-------+-------++-------
Melee: Mace              |   141 |    28 |   136 |       ||   305
       Flail             |       |   180 |   305 |       ||   485
       Morningstar       |       |       |    47 |   160 ||   207
 Abil: Evoke Berserk Rag |       |       |     1 |       ||     1
Evoke: Wand              |       |       |     8 |     2 ||    10
  Use: Scroll            |     3 |     1 |    24 |       ||    28
       Potion            |       |     2 |     9 |     4 ||    15

Vault maps used:
D:1:      grunt_arrival_lava_bath
D:2:      nicolae_overflow_hidden_temple, vehumet_crystals, first_bread
D:4:      minmay_temple_entry_nine_rooms, gup_sewer_entry_bowl
D:5:      serial_shops, shop_scrolls, uniq_menkaure, uniq_blork_the_orc
D:6:      basic_altar, hex_tiny
D:7:      lemuel_round_altar
D:8:      minmay_statue_hallways
D:9:      minmay_lair_entry_lava
Temple:   triangle_lava_temple_11
Sewer:    sewer_co_purgy_island

Notes
Turn   | Place    | Note
--------------------------------------------------------------
     0 | D:1      | MackTheKnife, the Human Fighter, began the quest for the Orb.
     0 | D:1      | Reached XP level 1. HP: 18/18 MP: 1/1
   210 | D:1      | Reached XP level 2. HP: 24/24 MP: 2/2
   288 | D:1      | Reached skill level 3 in Maces & Flails
   720 | D:1      | Reached XP level 3. HP: 26/29 MP: 3/3
   876 | D:2      | Found a radiant altar of Vehumet.
  1392 | D:2      | Reached XP level 4. HP: 27/35 MP: 4/4
  1547 | D:3      | Reached skill level 4 in Maces & Flails
  2217 | D:3      | Reached XP level 5. HP: 37/41 MP: 5/5
  2232 | D:3      | Reached skill level 5 in Maces & Flails
  2924 | D:4      | Reached XP level 6. HP: 26/47 MP: 6/6
  2949 | D:4      | Reached skill level 6 in Maces & Flails
  3177 | D:4      | Found a staircase to the Ecumenical Temple.
  3186 | Temple   | Entered the Ecumenical Temple
  3268 | Temple   | Became a worshipper of the Shining One
  3514 | D:4      | Found a glowing drain.
  3518 | Sewer    | Entered a sewer
  3668 | Sewer    | Noticed Purgy
  3688 | Sewer    | Killed Purgy
  3688 | Sewer    | Reached skill level 7 in Maces & Flails
  3688 | Sewer    | Reached XP level 7. HP: 26/52 MP: 7/7
  4001 | D:5      | Entered Level 5 of the Dungeon
  4383 | D:5      | Noticed Blork the orc
  4399 | D:5      | Killed Blork the orc
  4680 | D:5      | Noticed Menkaure
  4702 | D:5      | Killed Menkaure
  4702 | D:5      | Reached skill level 8 in Maces & Flails
  4916 | D:5      | HP: 4/52 [gnoll/runed spear (3)]
  5002 | D:5      | Reached XP level 8. HP: 32/58 MP: 8/8
  5246 | D:5      | Reached skill level 9 in Maces & Flails
  5450 | D:5      | Found Khaik's Magic Scroll Shoppe.
  5465 | D:5      | Bought a scroll of magic mapping for 35 gold pieces
  5951 | D:6      | Reached skill level 4 in Armour
  5951 | D:6      | Reached skill level 4 in Shields
  6102 | D:6      | Acquired the Shining One's first power
  6498 | D:6      | Reached skill level 5 in Shields
  6498 | D:6      | Reached XP level 9. HP: 48/63 MP: 9/9
  6529 | D:6      | Reached skill level 5 in Armour
  6728 | D:6      | Found a shimmering altar of Xom.
  7171 | D:7      | Reached skill level 6 in Shields
  7434 | D:7      | Found a white marble altar of Elyvilon.
  7717 | D:8      | Reached skill level 6 in Armour
  7948 | D:8      | HP: 1/63 [two-headed ogre/giant spiked club (10)]
  8375 | D:8      | Reached skill level 7 in Shields
  8902 | D:8      | Reached skill level 7 in Armour
  9167 | D:8      | Gained mutation: You heal slowly when monsters are visible. [a neqoxec]
  9175 | D:8      | Gained mutation: Armour fits poorly on your strangely shaped body. [a neqoxec]
  9181 | D:8      | HP: 4/63 [white imp[a silver statue] (3)]
  9186 | D:8      | HP: 3/63 [ufetubus[a silver statue] (2)]
  9607 | D:8      | Reached XP level 10. HP: 24/70 MP: 10/10
 10166 | D:9      | Reached skill level 8 in Shields
 10264 | D:9      | Reached skill level 8 in Armour
 10759 | D:9      | Got a pair of pitted gloves
 10763 | D:9      | Identified the +2 pair of gloves "Pnonasm" {Str+3 Int+1} (You found it on level 9 of the Dungeon)
 10764 | D:9      | Found a staircase to the Lair.
 10966 | D:9      | Gained mutation: Your digestive system is specialised to digest meat. [potion of mutation]
 10966 | D:9      | Gained mutation: You are resistant to hostile enchantments. [potion of mutation]
 11415 | D:9      | HP: 3/70 [wyvern (11)]
 11961 | D:9      | Reached skill level 9 in Shields
 12020 | D:9      | Killed by an exploding giant spore

Vanquished Creatures
  A fire drake (D:9)
  A two-headed ogre (D:8)
  A troll (D:9)
  A hydra skeleton (D:9)
  A wyvern (D:9)
  A hill giant zombie (D:8)
  A neqoxec (D:8)
  A hippogriff (D:8)
  Menkaure (D:5)
  Purgy (Sewer)
  2 orc warriors (D:9)
  A yellow wasp (D:9)
  An ice beast (D:9)
  6 centaurs
  2 ogres
  2 sky beasts
  A gnoll sergeant (D:6)
  Blork the orc (D:5)
  A giant frog (D:7)
  5 wights (D:8)
  5 hounds
  A big fish (Sewer)
  3 crimson imps
  2 iguanas
  A jelly (D:6)
  3 orc priests
  4 orc wizards
  6 worker ants
  2 scorpions
  2 ogre skeletons
  A crocodile skeleton (D:5)
  A hound skeleton (D:6)
  10 gnolls
  A giant centipede (D:9)
  8 adders
  2 white imps (D:8)
  An inept item mimic (D:5)
  An ufetubus (D:8)
  2 worms
  3 giant geckos
  22 orcs
  3 ball pythons
  14 bats
  4 giant cockroaches
  11 goblins
  13 hobgoblins
  9 kobolds
  4 quokkas
  10 giant newts
  3 giant spores
  10 jackals
  A kobold skeleton (D:6)
  An orc skeleton (D:4)
  A quokka zombie (D:6)
  16 rats
  A rat zombie (D:6)
  21 ballistomycetes
235 creatures vanquished.

Vanquished Creatures (others)
  A hobgoblin (D:5)
  2 giant spores
3 creatures vanquished.

Grand Total: 238 creatures vanquished
